[Event "POL-chT 2nd League-4 2020"]
[Site "Poronin"]
[Date "2020.09.07"]
[Round "3.23"]
[White "Panek, Bartosz"]
[Black "Smagalski, Jaroslaw"]
[Result "0-1"]
[ECO "B00"]
[WhiteElo "1979"]
[BlackElo "1843"]
[Annotator "ChessBase"]
[PlyCount "106"]
[EventDate "2020.09.05"]
[EventType "team-tourn"]
[EventCountry "POL"]
[SourceTitle "playchess.com"]
[Source "ChessBase"]
[SourceQuality "1"]
[TimeControl "40/5400+30:900+30"]

1. e4 Nc6 2. Nf3 d5 3. exd5 Qxd5 4. Be2 Bg4 5. O-O O-O-O 6. c4 Qd7 7. b4 Nf6 8. b5 Bxf3 9. Bxf3 Ne5 10. Be2 e6 11. d4 Qxd4 12. Qb3 Bd6 13. g3 Qe4 14. Nc3 Qf5 15. Kg2 h5 16. f3 Bc5 17. a4 Nd3 18. a5 Qe5 19. b6 a6 20. bxc7 Qxc7 21. Bg5 h4 22. g4 Nf4+ 23. Bxf4 Qxf4 24. Rab1 Rd7 25. Kh1 Bd6 26. Rf2 Bc5 27. Rff1 Bd6 28. Rf2 Nxg4 29. Rbf1 Nxf2+ 30. Rxf2 Bc5 31. Rf1 Bd6 32. Rf2 Rh6 33. Na4 Rg6 34. Nb6+ Kd8 35. Nxd7 Qg5 36. Qd1 Kxd7 37. f4 Qc5 38. Rg2 Rxg2 39. Kxg2 Ke7 40. Qb3 Qxa5 41. Qxb7+ Kf6 42. Qb2+ e5 43. Qc2 exf4 44. h3 Qe5 45. Bg4 g6 46. Qa4 a5 47. Qb5 Bc5 48. Qxa5 Qb2+ 49. Kf3 Qf2+ 50. Ke4 Qd4+ 51. Kf3 Qe3+ 52. Kg2 f3+ 53. Bxf3 Qg1# 0-1

[Event "POL-chT 2nd League-4 2020"]
[Site "Poronin"]
[Date "2020.09.07"]
[Round "3.24"]
[White "Bukowska, Katarzyna"]
[Black "Stebel, Agata"]
[Result "1/2-1/2"]
[ECO "B34"]
[WhiteElo "1887"]
[BlackElo "1871"]
[Annotator "NA"]
[PlyCount "74"]
[EventDate "2020.09.05"]
[EventType "team-tourn"]
[EventCountry "POL"]
[SourceTitle "playchess.com"]
[Source "ChessBase"]
[SourceQuality "1"]
[TimeControl "40/5400+30:900+30"]

1. e4 c5 2. Nf3 Nc6 3. Nc3 g6 4. d4 cxd4 5. Nxd4 Bg7 6. Nb3 Nf6 7. Be2 O-O 8. O-O d6 9. Kh1 b6 10. f4 Bb7 11. Bf3 e5 12. Nd5 Ba6 13. Rf2 Nxd5 14. Qxd5 Rc8 15. c3 Ne7 16. Qd1 f5 17. Be3 Qc7 18. Qe1 Bd3 19. fxe5 dxe5 20. Rd1 fxe4 21. Be2 Rxf2 22. Bxf2 Rd8 23. Nc1 Bxe2 24. Nxe2 Nf5 25. Ng3 Nxg3+ 26. Bxg3 Rd3 27. Rb1 e3 28. Rd1 Qd6 29. Rxd3 Qxd3 30. h3 Bh6 31. Kh2 e2 32. Bxe5 Bd2 33. Qf2 e1=Q 34. Qf6 Qd7 35. Qh8+ Kf7 36. Qf6+ Ke8 37. Qh8+ Ke7 1/2-1/2

[Event "POL-chT 2nd League-4 2020"]
[Site "Poronin"]
[Date "2020.09.08"]
[Round "4.1"]
[White "Polok, Kacper"]
[Black "Brzezinski, Mateusz"]
[Result "1-0"]
[ECO "B10"]
[WhiteElo "2288"]
[BlackElo "2230"]
[Annotator "ChessBase"]
[PlyCount "61"]
[EventDate "2020.09.05"]
[EventType "team-tourn"]
[EventCountry "POL"]
[SourceTitle "playchess.com"]
[Source "ChessBase"]
[SourceQuality "1"]
[TimeControl "40/5400+30:900+30"]

1. e4 c6 2. d3 g6 3. g3 Bg7 4. Bg2 d5 5. Nd2 Nf6 6. Ngf3 O-O 7. O-O dxe4 8. dxe4 Be6 9. Qe2 Qc8 10. Ng5 Bg4 11. f3 h6 12. Nxf7 Rxf7 13. fxg4 Qxg4 14. Bf3 Qe6 15. Nb3 Nbd7 16. Bf4 Ne5 17. Nc5 Qd6 18. Be3 Nxf3+ 19. Rxf3 Qe5 20. Qc4 Nd5 21. Raf1 Raf8 22. Nd7 Nxe3 23. Rxf7 Nxc4 24. Rxf8+ Kh7 25. Nxe5 Nxe5 26. Rb8 b6 27. Rb7 g5 28. Rxa7 Kg6 29. Rxe7 Ng4 30. Rxg7+ Kxg7 31. Rd1 1-0

[Event "POL-chT 2nd League-4 2020"]
[Site "Poronin"]
[Date "2020.09.08"]
[Round "4.2"]
[White "Kujawski, Adam"]
[Black "Wieczorek, Zbigniew"]
[Result "1-0"]
[ECO "B06"]
[WhiteElo "2201"]
[BlackElo "2208"]
[Annotator "ChessBase"]
[PlyCount "169"]
[EventDate "2020.09.05"]
[EventType "team-tourn"]
[EventCountry "POL"]
[SourceTitle "playchess.com"]
[Source "ChessBase"]
[SourceQuality "1"]
[TimeControl "40/5400+30:900+30"]

1. e4 g6 2. d4 Bg7 3. Nc3 c6 4. h3 d6 5. a4 Nf6 6. Nf3 O-O 7. Be2 Qc7 8. Be3 Nbd7 9. Qd2 e5 10. dxe5 dxe5 11. O-O Nh5 12. Rfd1 Nf4 13. Bf1 a5 14. Qd6 Qxd6 15. Rxd6 Ne6 16. Rad1 Ndc5 17. Bc4 Re8 18. Bxc5 Nxc5 19. Ng5 Be6 20. Nxe6 fxe6 21. Ra1 Bf8 22. Rdd1 Kf7 23. f3 Red8 24. Kf2 Nd7 25. Ke2 Bc5 26. Na2 h5 27. c3 h4 28. Nc1 g5 29. Nd3 Bb6 30. Rd2 Kf6 31. Rad1 Nf8 32. Kf1 Be3 33. Re2 Bb6 34. Ree1 Ng6 35. Nc1 Nf4 36. Ne2 Nh5 37. Rd3 Rxd3 38. Bxd3 Rd8 39. Rd1 Be3 40. Ke1 Bf4 41. Bc2 Bg3+ 42. Kf1 Rxd1+ 43. Bxd1 Bf4 44. Ke1 Ke7 45. Bb3 Kd6 46. Kd1 Nf6 47. Bc4 Nd7 48. b3 Nc5 49. Kc2 Be3 50. Kb2 Nd7 51. Bd3 Kc5 52. Bc4 Nf8 53. Bd3 b5 54. axb5 cxb5 55. Ka3 Bd2 56. c4 Bb4+ 57. Ka2 bxc4 58. Bxc4 a4 59. Ba6 a3 60. Nc1 Kd4 61. Nd3 Bd6 62. b4 Ng6 63. Kxa3 Ke3 64. Kb3 Nf4 65. Nxf4 exf4 66. Bc8 g4 67. fxg4 Kf2 68. Bxe6 Kxg2 69. g5 f3 70. g6 Be5 71. b5 f2 72. Bc4 Kxh3 73. b6 Kg2 74. b7 h3 75. b8=Q Bxb8 76. g7 h2 77. g8=Q+ Bg3 78. e5 f1=Q 79. Bxf1+ Kxf1 80. Qc4+ Kg1 81. Qd4+ Kf1 82. Qd3+ Kf2 83. Qc2+ Kf1 84. Qd1+ Kg2 85. e6 1-0

[Event "POL-chT 2nd League-4 2020"]
[Site "Poronin"]
[Date "2020.09.08"]
[Round "4.3"]
[White "Jaworski, Miroslaw"]
[Black "Wisniewski, Adam"]
[Result "0-1"]
[ECO "E63"]
[WhiteElo "2196"]
[BlackElo "1934"]
[Annotator "ChessBase"]
[PlyCount "126"]
[EventDate "2020.09.05"]
[EventType "team-tourn"]
[EventCountry "POL"]
[SourceTitle "playchess.com"]
[Source "ChessBase"]
[SourceQuality "1"]
[TimeControl "40/5400+30:900+30"]

1. Nf3 Nf6 2. c4 g6 3. g3 Bg7 4. Bg2 O-O 5. d4 d6 6. O-O a6 7. Nc3 Nc6 8. Bf4 h6 9. h3 Kh7 10. Rc1 Rb8 11. Qd2 Bd7 12. b3 Qc8 13. Kh2 Nh5 14. Be3 f5 15. d5 Ne5 16. Nd4 c5 17. dxc6 Nxc6 18. Nd5 Qd8 19. Nc2 e6 20. Nb6 f4 21. gxf4 Nxf4 22. Bxf4 Rxf4 23. e3 Rf7 24. Nxd7 Qxd7 25. Ne1 Rbf8 26. Nd3 e5 27. Be4 Rf3 28. Bxf3 Rxf3 29. Ne1 Rxh3+ 30. Kg1 Qg4+ 31. Ng2 e4 32. Qd1 Rf3 33. Re1 Be5 34. c5 Qh3 35. Nf4 Qh4 36. Rc2 Nb4 37. cxd6 Nxc2 38. Qxc2 Bxd6 39. Rd1 Rxf2 40. Qxf2 Qg4+ 41. Kh2 Qxd1 42. Qg2 Bxf4+ 43. exf4 Qh5+ 44. Kg1 Qc5+ 45. Kh2 Qe3 46. Qf1 Kg7 47. Qa1+ Kf7 48. Qe5 Qf2+ 49. Kh1 Qf3+ 50. Kg1 Qg4+ 51. Kf2 Qe6 52. Qc7+ Qe7 53. Qc4+ Kg7 54. Ke3 h5 55. Qd4+ Kh7 56. Qd1 Qb4 57. Qd7+ Kh6 58. Qf7 Qe1+ 59. Kd4 Qb4+ 60. Ke3 Qe1+ 61. Kd4 Qb4+ 62. Ke3 h4 63. Qf6 Qe1+ 0-1

[Event "POL-chT 2nd League-4 2020"]
[Site "Poronin"]
[Date "2020.09.08"]
[Round "4.4"]
[White "Stoppel, Mariusz"]
[Black "Helis, Tadeusz"]
[Result "0-1"]
[ECO "B23"]
[WhiteElo "1982"]
[BlackElo "2157"]
[Annotator "ChessBase"]
[PlyCount "124"]
[EventDate "2020.09.05"]
[EventType "team-tourn"]
[EventCountry "POL"]
[SourceTitle "playchess.com"]
[Source "ChessBase"]
[SourceQuality "1"]
[TimeControl "40/5400+30:900+30"]

1. e4 c5 2. Nc3 Nc6 3. Nge2 e6 4. g3 Nf6 5. Bg2 a6 6. a4 Qc7 7. O-O Be7 8. d4 cxd4 9. Nxd4 O-O 10. Nb3 d6 11. f4 Na5 12. Nxa5 Qxa5 13. g4 Re8 14. g5 Nd7 15. Qf3 Bf8 16. Kh1 Qc7 17. Qg3 b6 18. Qh4 Bb7 19. Rf3 Be7 20. Rh3 Nf8 21. Be3 b5 22. Rc1 Qc4 23. f5 exf5 24. exf5 Bxg2+ 25. Kxg2 Qxh4 26. Rxh4 bxa4 27. Nd5 Bd8 28. Rf1 Rb8 29. Bd4 h6 30. Rg4 hxg5 31. h4 Nh7 32. hxg5 Bxg5 33. f6 Re2+ 34. Rf2 Rxf2+ 35. Kxf2 g6 36. Rg1 Rb5 37. c4 Bh4+ 38. Ke2 Rb3 39. Rh1 g5 40. Kd2 Nf8 41. Ne7+ Kh7 42. Nf5 Ne6 43. Nxh4 gxh4 44. Rxh4+ Kg6 45. Bc3 a3 46. bxa3 Rxa3 47. Rh8 Nc5 48. Rg8+ Kf5 49. Kc2 Ra2+ 50. Kb1 Ra4 51. Rf8 Rxc4 52. Bb2 Ke6 53. Re8+ Kd5 54. Re7 Ne4 55. Rxf7 Nd2+ 56. Ka2 Ra4+ 57. Ba3 Nc4 58. Ra7 Rxa3+ 59. Kb1 Rf3 60. f7 a5 61. Kc2 a4 62. Rxa4 Rxf7 0-1

[Event "POL-chT 2nd League-4 2020"]
[Site "Poronin"]
[Date "2020.09.08"]
[Round "4.5"]
[White "Sochacki, Zenon"]
[Black "Mazalon, Mariusz"]
[Result "0-1"]
[ECO "E70"]
[WhiteElo "1885"]
[BlackElo "1948"]
[Annotator "ChessBase"]
[PlyCount "88"]
[EventDate "2020.09.05"]
[EventType "team-tourn"]
[EventCountry "POL"]
[SourceTitle "playchess.com"]
[Source "ChessBase"]
[SourceQuality "1"]
[TimeControl "40/5400+30:900+30"]

1. d4 g6 2. c4 Bg7 3. Nc3 Nf6 4. e4 O-O 5. Bg5 c6 6. Bd3 d5 7. cxd5 cxd5 8. e5 Ne8 9. Qd2 Nc6 10. Nge2 f6 11. exf6 Nxf6 12. f3 Be6 13. h4 Bf7 14. h5 gxh5 15. O-O-O Qa5 16. Bh6 Nb4 17. Bb1 Bg6 18. a3 Nc6 19. Qg5 Bxh6 20. Qxh6 Kf7 21. Nf4 Rg8 22. Nxg6 hxg6 23. g4 Rac8 24. g5 Nd7 25. Qh7+ Ke6 26. Rhe1+ Kd6 27. Qf7 Kc7 28. Qf4+ Kb6 29. Bc2 a6 30. Kb1 Ka7 31. Re6 Nf8 32. Ree1 e6 33. Qf7 Rh8 34. Bxg6 Qd8 35. Qg7 Nxg6 36. Qxg6 Rg8 37. Qxh5 Rxg5 38. Qf7 Qh8 39. Qxe6 Rg2 40. Qxd5 Qh2 41. Qa2 Na5 42. Ka1 Rxc3 43. Kb1 Ka8 44. Rh1 Rc8 0-1

[Event "POL-chT 2nd League-4 2020"]
[Site "Poronin"]
[Date "2020.09.08"]
[Round "4.6"]
[White "Mackiewicz, Anna"]
[Black "Suchanek, Paulina"]
[Result "1-0"]
[ECO "A05"]
[WhiteElo "1858"]
[BlackElo "1555"]
[Annotator "NA"]
[PlyCount "77"]
[EventDate "2020.09.05"]
[EventType "team-tourn"]
[EventCountry "POL"]
[SourceTitle "playchess.com"]
[Source "ChessBase"]
[SourceQuality "1"]
[TimeControl "40/5400+30:900+30"]

1. Nf3 Nf6 2. d4 e6 3. g3 b5 4. Bg2 Bb7 5. O-O Be7 6. b3 d5 7. c4 bxc4 8. bxc4 O-O 9. Qb3 Ba6 10. Ne5 c6 11. Bb2 Qc7 12. Nd2 Nbd7 13. Qa4 Bb7 14. Rfc1 Rfc8 15. cxd5 exd5 16. Rab1 c5 17. Nxd7 Nxd7 18. dxc5 Nxc5 19. Qg4 Bf8 20. Bd4 Qa5 21. Nf3 Ne6 22. Rxc8 Bxc8 23. Qh5 Qxa2 24. Ra1 Qxe2 25. Qxd5 Nc7 26. Qc6 Qe7 27. Be5 Bd7 28. Qxc7 Rc8 29. Qxa7 Qe6 30. Re1 Bc5 31. Qa1 Qb6 32. Qb2 Qg6 33. Nh4 Qh6 34. Bd4 Bd6 35. Be3 Qe6 36. Rd1 Be5 37. Qb7 Ba4 38. Bd5 Qe8 39. Bxf7+ 1-0

[Event "POL-chT 2nd League-4 2020"]
[Site "Poronin"]
[Date "2020.09.08"]
[Round "4.7"]
[White "Smagalski, Slawomir"]
[Black "Daniel, Damian"]
[Result "1/2-1/2"]
[ECO "A27"]
[WhiteElo "1940"]
[BlackElo "2176"]
[Annotator "ChessBase"]
[PlyCount "113"]
[EventDate "2020.09.05"]
[EventType "team-tourn"]
[EventCountry "POL"]
[SourceTitle "playchess.com"]
[Source "ChessBase"]
[SourceQuality "1"]
[TimeControl "40/5400+30:900+30"]

1. Nf3 Nc6 2. c4 e5 3. Nc3 Bc5 4. g3 d6 5. Bg2 a6 6. d3 Nge7 7. O-O O-O 8. a3 h6 9. b4 Ba7 10. Bb2 f5 11. e3 Be6 12. Nd2 Qd7 13. Nd5 Ng6 14. Rc1 Rae8 15. b5 Nd8 16. a4 f4 17. Qh5 Ne7 18. gxf4 Nxd5 19. Bxd5 exf4 20. exf4 c6 21. Bxe6+ Nxe6 22. Qh3 Qf7 23. Qf3 Nxf4 24. Kh1 Qd7 25. Ne4 Nh3 26. Qg3 Kh7 27. Bxg7 Rxe4 28. Bxf8 Rg4 29. Qf3 Rf4 30. bxc6 bxc6 31. Qg3 Rxf8 32. d4 Bxd4 33. f4 Qf5 34. Rce1 Rf7 35. Qf3 Rg7 36. Re2 Nxf4 37. Rg2 Rxg2 38. Qxg2 Nxg2 39. Rxf5 Ne3 40. Ra5 Nxc4 41. Rxa6 Kg6 42. Rxc6 Bc5 43. Kg2 Kf5 44. Kg3 Ke6 45. Rc8 Kd7 46. Rh8 Be3 47. Kf3 Bg5 48. Ke4 Kc7 49. h4 Bxh4 50. Rxh6 Bf2 51. Rh2 Bc5 52. Rc2 Na5 53. Kd5 Kb6 54. Rb2+ Kc7 55. Rc2 Nc6 56. Rxc5 dxc5 57. Kxc5 1/2-1/2

[Event "POL-chT 2nd League-4 2020"]
[Site "Poronin"]
[Date "2020.09.08"]
[Round "4.8"]
[White "Stankiewicz, Pawel"]
[Black "Papka, Sebastian"]
[Result "1-0"]
[ECO "A08"]
[WhiteElo "2111"]
[BlackElo "2139"]
[Annotator "ChessBase"]
[PlyCount "75"]
[EventDate "2020.09.05"]
[EventType "team-tourn"]
[EventCountry "POL"]
[SourceTitle "playchess.com"]
[Source "ChessBase"]
[SourceQuality "1"]
[TimeControl "40/5400+30:900+30"]

1. Nf3 Nf6 2. g3 d5 3. Bg2 c5 4. O-O e6 5. d3 Nc6 6. Nbd2 Be7 7. e4 O-O 8. Re1 Qc7 9. e5 Nd7 10. Qe2 b5 11. h4 c4 12. d4 c3 13. bxc3 Na5 14. Qe3 Nb6 15. Bf1 Bd7 16. Bd3 Rac8 17. Nb3 Nac4 18. Qf4 Na4 19. Qg4 Nxc3 20. Bh6 g6 21. h5 Ne4 22. Rxe4 dxe4 23. Bxe4 Be8 24. hxg6 hxg6 25. Bxf8 Kxf8 26. Qh3 Bb4 27. Qh4 Qd8 28. Ng5 Ke7 29. Nc5 Bxc5 30. dxc5 Nb2 31. c6 Bxc6 32. Bxc6 Qh8 33. Nh7+ f6 34. exf6+ Kf7 35. Ng5+ Kxf6 36. Qf4+ Ke7 37. Qf7+ Kd6 38. Qxe6+ 1-0

[Event "POL-chT 2nd League-4 2020"]
[Site "Poronin"]
[Date "2020.09.08"]
[Round "4.9"]
[White "Walaszczyk, Witold"]
[Black "Rychlik, Hanna"]
[Result "1-0"]
[ECO "A00"]
[WhiteElo "2028"]
[BlackElo "2053"]
[Annotator "ChessBase"]
[PlyCount "89"]
[EventDate "2020.09.05"]
[EventType "team-tourn"]
[EventCountry "POL"]
[SourceTitle "playchess.com"]
[Source "ChessBase"]
[SourceQuality "1"]
[TimeControl "40/5400+30:900+30"]

1. g3 Nf6 2. Bg2 d5 3. d4 e6 4. Nf3 b5 5. a4 b4 6. c4 bxc3 7. Nxc3 Be7 8. O-O O-O 9. Qc2 Ba6 10. Bf4 Nh5 11. Bd2 c6 12. Rfe1 Nd7 13. e4 Rc8 14. Rab1 c5 15. exd5 cxd4 16. Nxd4 exd5 17. Qd1 Nhf6 18. Nxd5 Nxd5 19. Bxd5 Bc5 20. Bc3 Nf6 21. Bg2 Nd5 22. Qg4 Nxc3 23. bxc3 Bxd4 24. Qxd4 Qc7 25. Re3 Rfd8 26. Qe4 g6 27. h4 Qd7 28. Qe7 Qxa4 29. Qxa7 Rd7 30. Qb6 Rcd8 31. Rbe1 Rd6 32. Qc5 Rd2 33. Bc6 Qc4 34. Re8+ Rxe8 35. Rxe8+ Kg7 36. Qe5+ Kh6 37. Qe3+ Kg7 38. Qxd2 Qxc6 39. Qd4+ Kh6 40. Qf4+ Kg7 41. Qe5+ Kh6 42. Rg8 f6 43. Qf4+ Kh5 44. g4+ Kxh4 45. Qg3+ 1-0

[Event "POL-chT 2nd League-4 2020"]
[Site "Poronin"]
[Date "2020.09.08"]
[Round "4.10"]
[White "Szmyd, Marek"]
[Black "Swiatnicki, Andrzej"]
[Result "1-0"]
[ECO "A06"]
[WhiteElo "1874"]
[BlackElo "2004"]
[Annotator "ChessBase"]
[PlyCount "101"]
[EventDate "2020.09.05"]
[EventType "team-tourn"]
[EventCountry "POL"]
[SourceTitle "playchess.com"]
[Source "ChessBase"]
[SourceQuality "1"]
[TimeControl "40/5400+30:900+30"]

1. Nf3 d5 2. b3 Nc6 3. Bb2 Bg4 4. e3 e5 5. h3 Bxf3 6. Qxf3 Nf6 7. Bb5 Bd6 8. c4 O-O 9. Bxc6 bxc6 10. c5 Bxc5 11. Bxe5 Be7 12. Nc3 Nd7 13. Bg3 d4 14. exd4 Bf6 15. O-O Bxd4 16. Qxc6 Ne5 17. Bxe5 Bxe5 18. Rad1 Bd4 19. Rfe1 Rb8 20. Re4 Rb6 21. Qc4 c5 22. Ne2 Rb4 23. Qc2 Qd5 24. Nxd4 Rxd4 25. Rxd4 Qxd4 26. Qc4 Rd8 27. Qxd4 Rxd4 28. Rc1 Rxd2 29. Rxc5 g6 30. a4 Rb2 31. Rb5 Kg7 32. a5 h5 33. g4 hxg4 34. hxg4 Kf6 35. g5+ Ke6 36. Kg2 f6 37. gxf6 Kxf6 38. Kf3 Ke6 39. Rb7 Kd5 40. Kg4 Kc6 41. Rxa7 Rxb3 42. Ra6+ Kd7 43. Rxg6 Rb4+ 44. f4 Ke7 45. a6 Kf7 46. Rc6 Ra4 47. Kg5 Ra1 48. Rb6 Ra5+ 49. f5 Ra1 50. Rb7+ Kf8 51. a7 1-0

[Event "POL-chT 2nd League-4 2020"]
[Site "Poronin"]
[Date "2020.09.08"]
[Round "4.11"]
[White "Smagalski, Jaroslaw"]
[Black "Borowski, Przemyslaw"]
[Result "0-1"]
[ECO "B23"]
[WhiteElo "1843"]
[BlackElo "1842"]
[Annotator "NA"]
[PlyCount "70"]
[EventDate "2020.09.05"]
[EventType "team-tourn"]
[EventCountry "POL"]
[SourceTitle "playchess.com"]
[Source "ChessBase"]
[SourceQuality "1"]
[TimeControl "40/5400+30:900+30"]

1. e4 c5 2. Nc3 a6 3. f4 b5 4. d3 Bb7 5. Nf3 e6 6. g3 d5 7. e5 Ne7 8. Bg2 h5 9. Nh4 g6 10. O-O Nbc6 11. Ne2 Qb6 12. Be3 d4 13. Bf2 O-O-O 14. c3 Nd5 15. Nf3 Ne3 16. Bxe3 dxe3 17. Ng5 Rd7 18. h4 Be7 19. Nxf7 Rf8 20. Nd6+ Bxd6 21. exd6 Rxd6 22. Qc2 Ne7 23. b4 Bxg2 24. Kxg2 Qc6+ 25. Kh3 cxb4 26. Rac1 Kb7 27. Qb3 Qd7 28. Qxb4 Rxd3 29. f5 exf5 30. Nf4 Rd2 31. Rfe1 Rd8 32. c4 Nc6 33. Qc5 b4 34. Nd5 f4+ 35. g4 Qxg4# 0-1

[Event "POL-chT 2nd League-4 2020"]
[Site "Poronin"]
[Date "2020.09.08"]
[Round "4.12"]
[White "Czaplewska, Klara"]
[Black "Bukowska, Katarzyna"]
[Result "0-1"]
[ECO "C25"]
[WhiteElo "1875"]
[BlackElo "1887"]
[Annotator "NA"]
[PlyCount "112"]
[EventDate "2020.09.05"]
[EventType "team-tourn"]
[EventCountry "POL"]
[SourceTitle "playchess.com"]
[Source "ChessBase"]
[SourceQuality "1"]
[TimeControl "40/5400+30:900+30"]

1. e4 e5 2. Nc3 Nc6 3. f4 Nf6 4. Nf3 d6 5. d3 Be7 6. g3 O-O 7. Bg2 Bd7 8. O-O Qc8 9. f5 g6 10. fxg6 fxg6 11. Bh6 Re8 12. Bg5 Nh5 13. Bxe7 Nxe7 14. Qd2 Kg7 15. Ng5 Nf6 16. d4 Rf8 17. Rad1 Bg4 18. Rde1 h6 19. Nf3 Nc6 20. dxe5 dxe5 21. Nd5 Qd7 22. Qc3 Bxf3 23. Bxf3 Nd4 24. Qxc7 Qxc7 25. Nxc7 Rac8 26. Nd5 Rxc2 27. Bg2 Rxb2 28. Rb1 Rxb1 29. Rxb1 b6 30. Rf1 Ne2+ 31. Kh1 Nxd5 32. exd5 Rxf1+ 33. Bxf1 Nc3 34. Bc4 Kf7 35. d6+ Ke8 36. Be6 Ne4 37. d7+ Kd8 38. Kg2 Nc5 39. Bf7 g5 40. Kf3 Kxd7 41. h4 Ke7 42. Bd5 Kf6 43. Bc4 gxh4 44. gxh4 Kf5 45. Be2 e4+ 46. Ke3 Ke5 47. Bb5 a6 48. Bc6 b5 49. Be8 b4 50. Bf7 a5 51. Bc4 a4 52. Bf7 b3 53. axb3 axb3 54. Bc4 b2 55. Ba2 Na4 56. Bb1 Nc3 0-1

[Event "POL-chT 2nd League-4 2020"]
[Site "Poronin"]
[Date "2020.09.08"]
[Round "4.13"]
[White "Luba, Lukasz"]
[Black "Bilczewski, Kacper"]
[Result "0-1"]
[ECO "A04"]
[WhiteElo "2212"]
[BlackElo "2101"]
[Annotator "ChessBase"]
[PlyCount "66"]
[EventDate "2020.09.05"]
[EventType "team-tourn"]
[EventCountry "POL"]
[SourceTitle "playchess.com"]
[Source "ChessBase"]
[SourceQuality "1"]
[TimeControl "40/5400+30:900+30"]

1. Nf3 f5 2. d4 Nf6 3. c4 g6 4. Nc3 Bg7 5. Bf4 O-O 6. e3 d6 7. Be2 e6 8. Qb3 Qe7 9. O-O h6 10. Bg3 Kh7 11. Rac1 Nc6 12. Rfd1 Nh5 13. d5 Nd8 14. Ne1 Nxg3 15. hxg3 e5 16. e4 b6 17. Qc2 Nf7 18. Nf3 Ng5 19. Nxg5+ Qxg5 20. Qa4 Qd8 21. b4 Bd7 22. Qa6 Qc8 23. c5 Qxa6 24. Bxa6 bxc5 25. bxc5 dxc5 26. Nb5 fxe4 27. Rxc5 Rf6 28. Rxc7 Bg4 29. Bb7 Raf8 30. Re1 Rxf2 31. d6 e3 32. Rxe3 Rf1+ 33. Kh2 R8f5 0-1

[Event "POL-chT 2nd League-4 2020"]
[Site "Poronin"]
[Date "2020.09.08"]
[Round "4.14"]
[White "Samborski, Henryk"]
[Black "Laszewicz, Pawel"]
[Result "0-1"]
[ECO "B52"]
[WhiteElo "2069"]
[BlackElo "2150"]
[Annotator "ChessBase"]
[PlyCount "105"]
[EventDate "2020.09.05"]
[EventType "team-tourn"]
[EventCountry "POL"]
[SourceTitle "playchess.com"]
[Source "ChessBase"]
[SourceQuality "1"]
[TimeControl "40/5400+30:900+30"]

1. e4 c5 2. Nf3 d6 3. Bb5+ Bd7 4. Bxd7+ Nxd7 5. O-O Ngf6 6. Re1 g6 7. c3 Bg7 8. d4 O-O 9. e5 dxe5 10. dxe5 Ng4 11. e6 Nde5 12. Nxe5 Qxd1 13. Rxd1 Nxe5 14. exf7+ Kxf7 15. Na3 Rfd8 16. Be3 Nd3 17. Rd2 Nxb2 18. Rxb2 Bxc3 19. Rbb1 Rac8 20. Nb5 Bxa1 21. Rxa1 a6 22. Nc3 b5 23. Kf1 b4 24. Ne4 c4 25. Rc1 a5 26. Bd2 c3 27. Be1 Rc4 28. f3 a4 29. Ke2 c2 30. Bxb4 Rxb4 31. Rxc2 a3 32. Nd2 Rb2 33. Kd1 Rd3 34. Kc1 Rd4 35. Nb1 Rxc2+ 36. Kxc2 Rc4+ 37. Kb3 Rc1 38. Nxa3 Rh1 39. h3 Rh2 40. Nc4 Rxg2 41. a4 Rg3 42. Kb4 Rxh3 43. a5 Rh1 44. a6 Rb1+ 45. Kc5 h5 46. a7 Ra1 47. Kb6 Rxa7 48. Kxa7 h4 49. Kb6 h3 50. Ne5+ Ke6 51. Ng4 Kf5 52. Kc5 Kf4 53. Kd5 0-1

[Event "POL-chT 2nd League-4 2020"]
[Site "Poronin"]
[Date "2020.09.08"]
[Round "4.15"]
[White "Machlowski, Slawomir"]
[Black "Lamza, Zenon"]
[Result "1-0"]
[ECO "A00"]
[WhiteElo "2098"]
[BlackElo "2220"]
[Annotator "ChessBase"]
[PlyCount "53"]
[EventDate "2020.09.05"]
[EventType "team-tourn"]
[EventCountry "POL"]
[SourceTitle "playchess.com"]
[Source "ChessBase"]
[SourceQuality "1"]
[TimeControl "40/5400+30:900+30"]

1. g3 Nf6 2. Bg2 g6 3. c4 Bg7 4. Nc3 O-O 5. b4 a5 6. b5 c6 7. Rb1 d5 8. cxd5 cxd5 9. d3 d4 10. Na4 Nd5 11. Ba3 Re8 12. Nf3 Nb6 13. Ng5 Nxa4 14. Qxa4 h6 15. Ne4 Nd7 16. Qb3 Nb6 17. Nc5 a4 18. Qc2 Nd5 19. b6 e6 20. Ne4 Bf8 21. Bxf8 Rxf8 22. Qc5 Ra6 23. Qxd4 f5 24. Nc5 Rxb6 25. O-O Rd6 26. Nxb7 Bxb7 27. Rxb7 1-0

[Event "POL-chT 2nd League-4 2020"]
[Site "Poronin"]
[Date "2020.09.08"]
[Round "4.16"]
[White "Radecki, Adam"]
[Black "Majocha, Piotr"]
[Result "1/2-1/2"]
[ECO "C00"]
[WhiteElo "2002"]
[BlackElo "2047"]
[Annotator "ChessBase"]
[PlyCount "22"]
[EventDate "2020.09.05"]
[EventType "team-tourn"]
[EventCountry "POL"]
[SourceTitle "playchess.com"]
[Source "ChessBase"]
[SourceQuality "1"]
[TimeControl "40/5400+30:900+30"]

1. e4 e6 2. d3 d5 3. Nd2 Nf6 4. g3 c5 5. Bg2 Nc6 6. Ngf3 Be7 7. O-O O-O 8. c3 Re8 9. Re1 Qc7 10. Qc2 b6 11. Nf1 Bb7 1/2-1/2

[Event "POL-chT 2nd League-4 2020"]
[Site "Poronin"]
[Date "2020.09.08"]
[Round "4.17"]
[White "Szydelko, Michal"]
[Black "Panek, Bartosz"]
[Result "1-0"]
[ECO "B07"]
[WhiteElo "1877"]
[BlackElo "1979"]
[Annotator "ChessBase"]
[PlyCount "79"]
[EventDate "2020.09.05"]
[EventType "team-tourn"]
[EventCountry "POL"]
[SourceTitle "playchess.com"]
[Source "ChessBase"]
[SourceQuality "1"]
[TimeControl "40/5400+30:900+30"]

1. e4 d6 2. d4 Nf6 3. Nc3 Nbd7 4. Nf3 e5 5. Bc4 Be7 6. O-O c6 7. a4 Qc7 8. h3 h6 9. Be3 Nf8 10. Qd2 g5 11. Ne1 Ng6 12. Nd3 Rg8 13. dxe5 dxe5 14. Bc5 Bxc5 15. Nxc5 g4 16. hxg4 Nxg4 17. Rfd1 Qe7 18. g3 Nf4 19. Qd6 Qg5 20. Nb5 Ne6 21. Nxe6 fxe6 22. Nc7+ Kf7 23. Bxe6+ Bxe6 24. Qxe6+ Kg7 25. Rd7+ Kh8 26. Qf7 Nf6 27. Nxa8 Nxd7 28. Qxd7 Rxa8 29. Qxb7 Rf8 30. Qxc6 h5 31. Rd1 h4 32. Qc3 h3 33. Rf1 Rf4 34. Qc8+ Kg7 35. Qd7+ Kg8 36. Qe6+ Kg7 37. Rd1 h2+ 38. Kg2 Rf8 39. Rd7+ Kh8 40. Qh3+ 1-0

[Event "POL-chT 2nd League-4 2020"]
[Site "Poronin"]
[Date "2020.09.08"]
[Round "4.18"]
[White "Stebel, Agata"]
[Black "Trusz, Julia"]
[Result "1/2-1/2"]
[ECO "B22"]
[WhiteElo "1871"]
[BlackElo "1675"]
[Annotator "NA"]
[PlyCount "123"]
[EventDate "2020.09.05"]
[EventType "team-tourn"]
[EventCountry "POL"]
[SourceTitle "playchess.com"]
[Source "ChessBase"]
[SourceQuality "1"]
[TimeControl "40/5400+30:900+30"]

1. e4 c5 2. c3 d5 3. exd5 Qxd5 4. d4 Nf6 5. Nf3 e6 6. Be3 cxd4 7. cxd4 Bb4+ 8. Nc3 Bd7 9. Bd3 Bb5 10. O-O Bxc3 11. bxc3 O-O 12. Bxb5 Qxb5 13. Rb1 Qa6 14. Qb3 b6 15. Ne5 Rc8 16. f4 Nc6 17. Rf3 Na5 18. Qc2 Qb7 19. c4 Qe4 20. Rc1 Rc7 21. Qa4 Rac8 22. h3 h6 23. Bf2 Qb7 24. c5 Nc6 25. Rb1 Nd5 26. Nc4 Qa8 27. cxb6 axb6 28. Qxa8 Rxa8 29. Nxb6 Rb7 30. Rfb3 Rxa2 31. Nxd5 Rxb3 32. Rxb3 exd5 33. Rb5 Ne7 34. g4 f6 35. f5 Re2 36. Kg2 Rc2 37. Kf3 Rc3+ 38. Be3 Ra3 39. Kf2 Ra7 40. Bf4 Rd7 41. Rb6 Kf7 42. Re6 Nc8 43. Kf3 Rb7 44. Bc1 Rb3+ 45. Kg2 Rd3 46. Be3 Ne7 47. Kf3 Rc3 48. Rd6 Rb3 49. Rd7 Ke8 50. Ra7 Kf8 51. Rc7 Ra3 52. Ke2 Ra2+ 53. Bd2 Ra4 54. Kd3 Ke8 55. Bc3 h5 56. Kc2 hxg4 57. hxg4 Ra6 58. Bb4 Rc6+ 59. Rxc6 Nxc6 60. Kc3 Kf7 61. Bd6 g6 62. Kd3 1/2-1/2